 Dungeon Crawl Stone Soup version 0.29-a0-2-g12fcac58f8 (webtiles) character file.

Game seed: 11791243278188930455

191 Shayle the Sneak (level 5, -3/41 HPs)
             Began as a Vampire Warper on Jan 27, 2022.
             Slain by a water moccasin (4 damage)
             ... on level 4 of the Dungeon.
             The game lasted 00:09:26 (2492 turns).

Shayle the Sneak (Vampire Warper)                   Turns: 2492, Time: 00:09:27

Health: -3/41      AC:  8    Str: 10    XL:     5   Next: 42%
Magic:  8/8        EV: 12    Int: 15    God:
Gold:   89         SH:  0    Dex: 16    Spells: 3/8 levels left

rFire   + + .      SeeInvis +   d - +3 Elemental Staff {rElec rF++ rC++ AC+5}
rCold   + + .      Faith    .   (no shield)
rNeg    . . .      Spirit   .   a - +0 leather armour
rPois   .          Reflect  .   (no helmet)
rElec   +          Harm     .   (no cloak)
rCorr   .          Rampage  .   (no gloves)
Will    .....                   (no boots)
Stlth   +++.......              (no amulet)
HPRegen 0.33/turn               (no ring)
MPRegen 0.11/turn               (no ring)

@: lethally poisoned (-3 -> -21), healing quickly
A: alive, fangs 3, see invisible, vampiric 2
a: Exsanguinate


You were on level 4 of the Dungeon.
You visited 1 branch of the dungeon, and saw 4 of its levels.

You collected 89 gold pieces.

Inventory:

Hand Weapons
 d - the +3 Elemental Staff (weapon) {rElec rF++ rC++ AC+5}
   (You acquired it on level 2 of the Dungeon)

   If the wielder is skilled in Evocations, they can discharge powerful blasts
   of elemental energy when striking with it.
   It enhances your fire, ice, earth and air magic.
   AC:        It affects your AC (+5).
   rF:        It greatly protects you from fire.
   rC:        It greatly protects you from cold.
   rElec:     It insulates you from electricity.
 e - a +2 dagger of venom
Missiles
 f - 4 atropa-tipped darts (quivered)
 g - 6 poisoned darts
Armour
 a - a +0 leather armour (worn)
Scrolls
 b - 2 scrolls of blinking
 c - 2 scrolls of identify
 j - a scroll of noise
 k - a scroll of fog
Potions
 h - a potion of mutation
 i - a potion of berserk rage
 l - 2 potions of curing
 m - a potion of degeneration {unknown}


   Skills:
 + Level 3.4 Fighting
 - Level 1.7 Short Blades
 + Level 1.3 Staves
 - Level 0.7 Throwing
 - Level 0.7 Armour
 - Level 2.1 Dodging
 + Level 4.9 Stealth
 - Level 2.1 Unarmed Combat
 - Level 2.0 Spellcasting
 - Level 2.4 Translocations


You had 3 spell levels left.
You knew the following spells:

 Your Spells              Type           Power      Damage    Failure   Level
a - Blink                 Tloc           16%        N/A       17%         2
b - Teleport Other        Tloc           8%         N/A       34%         3

Your spell library contained the following spells:

 Spells                   Type           Power      Damage    Failure   Level
 Apportation              Tloc           16%        N/A       12%         1
 Animate Skeleton         Necr           2%         N/A       30%         1
 Summon Small Mammal      Summ           4%         N/A       30%         1
 Gell's Gravitas          Tloc           8%         N/A       34%         3
 Lesser Beckoning         Tloc           8%         N/A       34%         3
 Manifold Assault         Tloc           8%         N/A       97%         5


Dungeon Overview and Level Annotations

Branches:
Dungeon (4/15)
 Temple: D:4-7

Altars:
Zin

Shops:
D:3 [


Innate Abilities, Weirdness & Mutations

Your natural rate of healing is accelerated.
You have razor-sharp teeth.
You have supernaturally acute eyesight. (SInv)
You are afflicted with vampirism and can become a bat while bloodless.


Message History

You hit the water moccasin but do no damage.
The water moccasin misses you.
You hit the water moccasin but do no damage.
The water moccasin barely misses you. The water moccasin closely misses you.
You completely miss the water moccasin. The water moccasin closely misses you.
The water moccasin bites you.
You hit the water moccasin.
You bite the water moccasin, but do no damage.
The water moccasin is lightly wounded.
The water moccasin closely misses you.
You hit the water moccasin.
The water moccasin is lightly wounded.
The water moccasin bites you! The water moccasin bites you.
You are poisoned.
The water moccasin poisons you!
You barely miss the water moccasin.
The water moccasin is lightly wounded.
You feel very sick. The water moccasin barely misses you.
The water moccasin bites you.
You are lethally poisoned!
The water moccasin poisons you!
You hit the water moccasin but do no damage.
The water moccasin is lightly wounded.
You feel extremely sick. The water moccasin bites you.
You are more poisoned.
The water moccasin poisons you!
You hit the water moccasin.
The water moccasin is lightly wounded.
* * * LOW HITPOINT WARNING * * *
You feel extremely sick. The water moccasin misses you.
The water moccasin bites you but does no damage.
You miss the water moccasin.
The water moccasin is lightly wounded.
* * * LOW HITPOINT WARNING * * *
You feel extremely sick.
The water moccasin completely misses you.
The water moccasin bites you.
You die...

......................
##<#.#.#.#.####.#..#....#
#.#.#.#.# #.#.......#
#.#.#.#)#.####.#..##...##
#.#.#.#(#.#.............# .
####.#.#...#.###...........#..
..[....#.......................
#.......#.###..........###.#
###......<.@S..............#
#..##########.........##.#
#................###..##.#
#.#######.######.# ......
###.#######.######.#####.#.#
######........)..................
........####'#######....#.......#
....###.#≈≈≈.≈≈≈# #....#.###.).#
... #.#≈♣♣.♣♣≈####......# ##..#


You could see a water moccasin.

Vanquished Creatures
  A centaur zombie (D:4)
  9 adders
  An adder skeleton (D:2)
  A worm (D:2)
  2 orcs (D:3)
  8 bats
  5 endoplasms
  4 giant cockroaches
  5 goblins
  6 hobgoblins
  6 jackals
  7 kobolds
  2 quokkas (D:2)
  2 ball pythons
  A frilled lizard (D:1)
  9 rats
69 creatures vanquished.

Notes
Turn   | Place    | Note
-------+----------+-------------------------------------------
     0 | D:1      | Shayle the Vampire Warper began the quest for the Orb.
     0 | D:1      | Reached XP level 1. HP: 16/16 MP: 3/3
   153 | D:1      | Reached skill level 1 in Stealth
   232 | D:1      | Reached XP level 2. HP: 19/22 MP: 5/5
   361 | D:1      | Reached skill level 2 in Stealth
   909 | D:2      | Reached skill level 1 in Short Blades
   909 | D:2      | Gained mutation: You are afflicted with vampirism and can
                  | become a bat while bloodless. [Vampire growth]
   909 | D:2      | Reached XP level 3. HP: 26/28 MP: 6/6
  1020 | D:3      | Reached skill level 3 in Stealth
  1026 | D:3      | Found a faded altar of an unknown god.
  1483 | D:2      | Reached XP level 4. HP: 34/34 MP: 7/7
  1503 | D:2      | Identified a scroll of acquirement
  1507 | D:2      | Acquired the +3 Elemental Staff {rElec rF++ rC++ AC+5}
  1507 | D:2      | Found the +3 Elemental Staff {rElec rF++ rC++ AC+5}
  1738 | D:3      | Found Geneyre's Armour Boutique.
  1812 | D:3      | Reached skill level 4 in Stealth
  2145 | D:3      | Reached skill level 1 in Staves
  2145 | D:3      | Reached XP level 5. HP: 28/41 MP: 8/8
  2234 | D:3      | Learned a level 2 spell: Blink
  2238 | D:3      | Learned a level 3 spell: Teleport Other
  2459 | D:4      | Noticed an ogre
  2474 | D:4      | Noticed a water moccasin
  2492 | D:4      | HP: 1/41 [poisoned by a water moccasin]
  2492 | D:4      | Slain by a water moccasin

Illustrated notes

Levels and vault maps discovered:
D:1:      minmay_arrival_loop, layout_basic
D:2:      layout_loops_cross, minmay_tromino_v7
D:3:      layout_basic, overflow_temple_1_default,
          shapermc_ecumenical_altar_totnotflames, serial_shops,
          nicolae_shop_statue_plus, minmay_misc_feat_roman,
          supply_closet_lemuel, minmay_ruptured
D:4:      layout_basic, chequers_mini_garden, kennysheep_generic_room_9

Skill      XL: |  1  2  3  4 |
---------------+-------------+-----
Stealth        | 1 2 3 4 |  4.9
Fighting       | 2 3 |  3.4
Short Blades   | 1 |  1.7
Staves         | 1 |  1.3
Throwing       | |  0.7
Armour         | |  0.7
Dodging        | |  2.1
Unarmed Combat | |  2.1
Spellcasting   | |  2.0
Translocations | |  2.4

Action                   |  1- 3 |  4- 6 || total
-------------------------+-------+-------++-------
Melee: Unarmed           |    21 |       ||    21
       Bite              |    14 |    15 ||    29
       Dagger            |    73 |    11 ||    84
       Punch             |     1 |     4 ||     5
       Staff             |       |    91 ||    91
Throw: Boomerang         |       |     5 ||     5
  Use: Scroll            |     5 |     6 ||    11
       Potion            |       |     2 ||     2
 Stab: Sleeping          |     5 |     2 ||     7
Armor: Leather armour    |    36 |    33 ||    69
Dodge: Dodged            |    66 |    80 ||   146

Table legend: (Time is in decaauts)
 A = Elapsed time spent in this place.
 B = Non-inter-level travel time spent in this place.
 C = Inter-level travel time spent in this place.
 D = Time resting spent in this place.
 E = Time spent auto-exploring this place.
 F = Levels seen in this place.
 G = Mean time per level.
                   A        B        C        D        E       F      G
               +--------+--------+--------+--------+--------+-----+--------+
         Total |   2503 |   2401 |    102 |    180 |   1455 |   4 |  625.8 |
       Dungeon |   2503 |   2401 |    102 |    180 |   1455 |   4 |  625.8 |
               +--------+--------+--------+--------+--------+-----+--------+

Top non-repeatable levels by time:
     D:1: 896 daAuts
     D:3: 748 daAuts
     D:2: 715 daAuts
     D:4: 143 daAuts
